 Dungeon Crawl Stone Soup version 0.28-a0-519-gbfeecf2fc5 (webtiles) character file.

Game seed: 5121082880812571233

46440 Phlounder the Thaumaturge (level 14, -7/97 HPs)
             Began as a Djinni Earth Elementalist on Sept 22, 2021.
             Was a High Priest of Makhleb.
             Killed from afar by a molten gargoyle (15 damage)
             ... with a bolt of magma
             ... on level 6 of the Lair of Beasts on Sept 23, 2021.
             The game lasted 01:10:24 (17415 turns).

Phlounder the Thaumaturge (DjEE)                   Turns: 17415, Time: 01:10:24

Health: -7/97      AC:  8    Str:  7    XL:     14   Next: 76%
Gold:   908        EV: 17    Int: 22    God:    Makhleb [*****.] SH:  0 Dex: 20

rFire   + + .      SeeInvis .   K - +7 mace of the Boiling Point {chaos, Dex+6 Stlth-}
rCold   x . .      Faith    .   (no shield)
rNeg    . . .      Spirit   .   C - +0 troll leather armour
rPois   ∞          Reflect  .   (no helmet)
rElec   .          Harm     .   x - +0 cloak
rCorr   .          Rampage  .   E - +0 pair of gloves
Will    +....                   (boots unavailable)
Stlth   ++........              F - amulet of the acrobat
HPRegen 1.26/turn               n - +4 ring of slaying
MPRegen 0.00/turn               (no ring)

@: flying
A: sickness immunity, fire resistance 2, cold vulnerability 1, float, innate
caster, hp casting, extra vitality 1
a: Renounce Religion, Minor Destruction, Lesser Servant of Makhleb, Major
Destruction, Greater Servant of Makhleb


You were on level 6 of the Lair of Beasts.
You worshipped Makhleb.
Makhleb was extremely pleased with you.
You visited 3 branches of the dungeon, and saw 18 of its levels.

You collected 1304 gold pieces.
You spent 396 gold pieces at shops.

Inventory:

Hand Weapons
 b - the +10 hand axe of Jero {elec, rC- Str+5}
   (You found it on level 6 of the Dungeon)

   It occasionally discharges a powerful burst of electricity upon striking a
   foe.
   Str:       It affects your strength (+5).
   rC:        It makes you vulnerable to cold.
 u - a +2 vorpal falchion
 I - a +5 dagger of freezing
 K - the +7 mace of the Boiling Point (weapon) {chaos, Dex+6 Stlth-}
   (You found it on level 9 of the Dungeon)

   Each time it hits an enemy it has a different, random effect.
   Dex:       It affects your dexterity (+6).
   Stlth:     It makes you less stealthy.
Missiles
 c - 504 stones
Armour
 d - +0 acid dragon scales
 x - a +0 cloak (worn)
 y - a +2 kite shield
 C - a +0 troll leather armour (worn)
 D - a scarf of invisibility
 E - a +0 pair of gloves (worn)
Jewellery
 n - a +4 ring of slaying (left hand)
 F - an amulet of the acrobat (around neck)
Wands
 e - a wand of acid (27)
 s - a wand of flame (59)
 w - a wand of digging (5)
 H - a wand of polymorph (9)
 L - a wand of iceblast (25)
 M - a wand of mindburst (10)
 N - a wand of paralysis (15)
Scrolls
 f - a scroll of brand weapon
 g - a scroll of silence
 h - a scroll of enchant weapon
 i - 2 scrolls of enchant armour
 j - 2 scrolls of magic mapping
 k - a scroll of summoning
 l - 3 scrolls of fear
 v - 6 scrolls of teleportation
 A - a scroll of immolation
 B - a scroll of fog
Potions
 a - 2 potions of invisibility
 m - a potion of cancellation {unknown}
 o - 3 potions of ambrosia
 q - 2 potions of might
 t - 3 potions of haste
 G - a potion of resistance
 J - a potion of berserk rage
 O - a potion of mutation
 P - a potion of lignification
 Q - a potion of attraction
Miscellaneous
 r - a phantom mirror


   Skills:
 * Level 7.8 Fighting
 + Level 2.0(2.3) Short Blades
 + Level 1.5(2.1) Long Blades
 + Level 3.9 Maces & Flails
 * Level 8.0 Armour
 * Level 9.1 Dodging
 + Level 4.8 Stealth
 * Level 7.5 Shields
 * Level 13.9 Spellcasting


You had 13 spell levels left.
You knew the following spells:

 Your Spells              Type           Power      Damage    Failure   Level
a - Sandblast             Erth           100%       2d20      1%          1
b - Passwall              Tmut/Erth      55%        N/A       1%          2
c - Stone Arrow           Conj/Erth      100%       3d13      1%          3
d - Petrify               Tmut/Erth      67%        N/A       1%          4
e - Animate Skeleton      Necr           100%       N/A       1%          1
f - Call Imp              Summ           67%        N/A       1%          2
g - Blink                 Tloc           N/A        N/A       1%          2
h - Summon Guardian Gole  Hex/Summ       67%        N/A       1%          3
i - Animate Armour        Summ/Erth      100%       N/A       1%          4
j - Manifold Assault      Tloc           67%        N/A       1%          5
Your spell library was empty.

Dungeon Overview and Level Annotations

Branches:
Dungeon (11/15)            Temple (1/1) D:7            Lair (6/6) D:11
  Swamp (0/4) Lair:2       Spider (0/4) Lair:3        Slime (0/5) Lair:6
    Orc (0/2) D:11

Altars:
Ashenzari
Cheibriados
Dithmenos
Elyvilon
Fedhas
Gozag
Hepliaklqana
Kikubaaqudgha
Makhleb
Nemelex Xobeh
Okawaru
Qazlal
Ru
Sif Muna
Trog
Uskayaw
Vehumet
Wu Jian
Xom
Yredelemnul
Zin
The Shining One
Jiyva

Shops:
D:10 *

Portals:
Trove: D:10 (give 6 scrolls of fear)

Annotations:
Lair:6 2 runed translucent doors


Innate Abilities, Weirdness & Mutations

You are immune to sickness and miasma.
You are immune to poison.
Your flesh is very heat resistant. (rF++)
You are vulnerable to cold. (rC-)
You float through the air rather than walking.
You learn spells naturally, not from books.
Your magical power is your life essence.
You have superior vitality. (+4 HP)


Message History

Casting: Stone Arrow (safe; 1% risk of failure)
Confirm with . or Enter, or press ? or * to list all spells.
Aiming: Stone Arrow (safe; 1% risk of failure)
Press: ? - help, Shift-Dir - straight line, f/p - molten gargoyle
Aim: a molten gargoyle, wielding a +0 flail (black smoke, lava, lightly damaged, unusually agile, 72% to hit)
The stone arrow misses the molten gargoyle.
* * * LOW HITPOINT WARNING * * *
Casting: Stone Arrow (safe; 1% risk of failure)
Confirm with . or Enter, or press ? or * to list all spells.
Aiming: Stone Arrow (safe; 1% risk of failure)
Press: ? - help, Shift-Dir - straight line, f/p - molten gargoyle
Aim: a molten gargoyle, wielding a +0 flail (lava, lightly damaged, unusually agile, 72% to hit)
The stone arrow hits the molten gargoyle!
The molten gargoyle is heavily damaged.
* * * LOW HITPOINT WARNING * * *
The molten gargoyle hits you with a +0 flail!!
* * * LOW HITPOINT WARNING * * *
You are engulfed in flames.
You resist.
* * * LOW HITPOINT WARNING * * *
Unknown command.
You feel much better.
The molten gargoyle blasts magma at you!
The bolt of magma misses you.
Casting: Stone Arrow (safe; 1% risk of failure)
Confirm with . or Enter, or press ? or * to list all spells.
Aiming: Stone Arrow (safe; 1% risk of failure)
Press: ? - help, Shift-Dir - straight line, f/p - molten gargoyle
Aim: a molten gargoyle, wielding a +0 flail (lava, heavily damaged, unusually agile, 72% to hit)
The stone arrow hits the molten gargoyle!
The molten gargoyle is almost destroyed.
* * * LOW HITPOINT WARNING * * *
The molten gargoyle hits you with a +0 flail!
* * * LOW HITPOINT WARNING * * *
You are engulfed in flames.
You resist.
* * * LOW HITPOINT WARNING * * *
Okay, then.
You feel better.
The molten gargoyle blasts magma at you!
The bolt of magma hits you! You partially resist.
You die...

#≈≈.##++##≈≈≈##....## #.
#≈.##....##≈##.....8#
##.
.≈.#......#≈#......##
#..
..≈#......#≈#.......##
###
≈#.....D#≈§§.......####.
§#/(..$$#§§≈≈##.......[#
#$$)?##§≈§#.....†...#.
≈≈######§§≈.........####
#≈§§§9@§§#......####
#≈≈§§§§§§......##
#..§§≈###..#..8#8 #
....SS ..##8### # ...†.
.≈≈### ## ..... .#≈≈ ##.
.... ≈≈≈ #.. .... ≈§§
##. ##


You could see 2 black mambas and a molten gargoyle (agile).

Vanquished Creatures
  Snorg (D:11)
  The ghost of SkeletonJelly the Cleaver, a journeyman MiDe of Okawaru (D:10)
  6 hydras
  3 two-headed ogres
  A catoblepas (Lair:4)
  Erica (Lair:2)
  Nergalle (Lair:2)
  A lindwurm (Lair:6)
  A cyclops (D:10)
  3 elephants (Lair:6)
  4 black mambas
  15 cane toads
  A molten gargoyle (Lair:6)
  A torpor snail (Lair:2)
  3 rime drakes
  2 kobold demonologists (D:7)
  14 komodo dragons
  2 polar bears
  9 dream sheep
  6 blink frogs (Lair:1)
  A wraith (D:9)
  54 yaks
  7 wyverns
  5 basilisks
  8 vampire mosquitoes
  4 steam dragons
  A warg (D:11)
  An acid dragon (D:9)
  16 water moccasins
  4 hell hounds (Lair:6)
  6 orc warriors
  An ice beast (D:5)
  2 black bears
  A necrophage (D:4)
  3 wolves (Lair:1)
  3 ogres
  8 centaurs
  5 kobold brigands
  Blork the orc (D:6)
  11 bullfrogs
  5 scorpions
  9 killer bees
  13 wights
  2 howler monkeys
  3 lava snakes (Lair:6)
  4 electric eels
  2 gnoll shamans (D:7)
  2 hounds
  2 jellies (D:5)
  2 bullfrog skeletons (D:5)
  6 centaur zombies
  2 orc priests
  3 iguanas
  3 orc wizards
  5 hell rats (Lair:2)
  A killer bee zombie (D:7)
  A hound skeleton (D:4)
  3 howler monkey zombies
  5 gnolls (D:7)
  2 adders
  A shadow imp (D:8)
  2 white imps
  2 ufetubi
  5 worms
  2 dart slugs
  22 orcs
  5 ball pythons
  6 endoplasms
  4 giant cockroaches
  14 hobgoblins
  3 jackals (D:2)
  2 quokkas (D:3)
  3 bats
  2 frilled lizards
  5 goblins
  35 kobolds
  5 rats
411 creatures vanquished.

Vanquished Creatures (collateral kills)
  A cane toad (Lair:3)
  A troll (D:6)
  A yak (Lair:1)
  An ogre (D:11)
  2 wolves (Lair:1)
  A howler monkey skeleton (D:7)
  2 orcs (D:11)
  A giant cockroach (D:3)
  A hobgoblin (D:3)
  A quokka (D:3)
  A ball python (D:4)
  A frilled lizard (D:3)
  A rat (D:3)
15 creatures vanquished.

Vanquished Creatures (others)
  Maurice (D:9)
  A molten gargoyle (Lair:6)
  A yak (Lair:1)
  A hell hound (Lair:6)
  An ogre (D:6)
  A wolf (Lair:1)
  5 killer bees (D:8)
  A wight (D:6)
  Crazy Yiuf (D:6)
  A bullfrog skeleton (D:6)
  An orc wizard (D:9)
  3 gnolls (D:7)
  31 fungi
  55 plants
104 creatures vanquished.

Grand Total: 530 creatures vanquished

Notes
Turn   | Place    | Note
-------+----------+-------------------------------------------
     0 | D:1      | Phlounder the Djinni Earth Elementalist began the quest for
                  | the Orb.
     0 | D:1      | Reached XP level 1. HP: 15/15 MP: 0/0
   405 | D:1      | Reached XP level 2. HP: 17/21 MP: 0/0
   760 | D:1      | Found a faded altar of an unknown god.
   968 | D:2      | Reached skill level 3 in Spellcasting
   968 | D:2      | Reached XP level 3. HP: 20/25 MP: 0/0
   968 | D:2      | Learned a level 1 spell: Animate Skeleton
  1630 | D:2      | Found a sacrificial altar of Ru.
  1916 | D:2      | Reached XP level 4. HP: 28/31 MP: 0/0
  2275 | D:3      | Reached skill level 1 in Long Blades
  2275 | D:3      | Reached skill level 1 in Armour
  2588 | D:3      | Noticed an ogre
  2604 | D:3      | Killed an ogre
  2605 | D:3      | Reached skill level 1 in Fighting
  2605 | D:3      | Reached skill level 1 in Shields
  2605 | D:3      | Reached XP level 5. HP: 27/37 MP: 0/0
  2605 | D:3      | Learned a level 2 spell: Call Imp
  3539 | D:3      | Reached XP level 6. HP: 38/42 MP: 0/0
  3741 | D:3      | Found a transporter.
  3756 | D:3      | Found a transporter.
  3920 | D:3      | Reached skill level 4 in Spellcasting
  4243 | D:4      | Noticed a necrophage
  4246 | D:4      | Killed a necrophage
  4247 | D:4      | Reached XP level 7. HP: 41/47 MP: 0/0
  4247 | D:4      | Learned a level 2 spell: Blink
  5902 | D:5      | Entered Level 5 of the Dungeon
  5927 | D:5      | Reached XP level 8. HP: 34/54 MP: 0/0
  6216 | D:5      | Reached skill level 5 in Spellcasting
  6446 | D:5      | Reached skill level 1 in Short Blades
  7286 | D:6      | Noticed Blork the orc
  7288 | D:6      | Killed Blork the orc
  7368 | D:6      | Found an opulent altar of Gozag.
  7397 | D:6      | Reached XP level 9. HP: 53/59 MP: 0/0
  7397 | D:6      | Learned a level 3 spell: Summon Guardian Golem
  7448 | D:6      | Noticed a troll
  7459 | D:6      | Killed a troll
  7460 | D:6      | Reached skill level 6 in Spellcasting
  7547 | D:6      | Identified the +10 hand axe of Jero {elec, rC- Str+5}
  7793 | D:6      | Found a runed translucent door.
  7794 | D:6      | Noticed Crazy Yiuf
  7806 | D:6      | Killed Crazy Yiuf
  8347 | D:7      | Noticed a kobold demonologist
  8355 | D:7      | Killed a kobold demonologist
  8355 | D:7      | Noticed a kobold demonologist
  8356 | D:7      | Reached skill level 7 in Spellcasting
  8362 | D:7      | Killed a kobold demonologist
  8363 | D:7      | Reached XP level 10. HP: 48/67 MP: 0/0
  8666 | D:7      | Found a staircase to the Ecumenical Temple.
  8673 | Temple   | Entered the Ecumenical Temple
  8913 | Temple   | Became a worshipper of Makhleb the Destroyer
  9372 | D:8      | Reached skill level 5 in Dodging
  9373 | D:8      | Reached skill level 8 in Spellcasting
  9744 | D:8      | Found a broken altar of Ashenzari.
  9830 | D:9      | Reached * piety under Makhleb
 10060 | D:9      | Noticed Maurice
 10089 | D:9      | Killed Maurice
 10213 | D:9      | Identified the +7 mace of the Boiling Point {chaos, Dex+6
                  | Stlth-}
 10394 | D:9      | Reached skill level 9 in Spellcasting
 10553 | D:10     | Entered Level 10 of the Dungeon
 10562 | D:10     | Reached XP level 11. HP: 70/74 MP: 0/0
 10562 | D:10     | Learned a level 4 spell: Animate Armour
 10686 | D:10     | Found a runed translucent gate.
 10686 | D:10     | Found a runed translucent gate.
 10686 | D:10     | Found an opulent altar of Gozag.
 10687 | D:10     | Found a runed translucent gate.
 10689 | D:10     | Found Kaut's Assorted Antiques.
 10689 | D:10     | Noticed a cyclops
 10690 | D:10     | Noticed SkeletonJelly's ghost (journeyman MiDe)
 10690 | D:10     | Noticed a two-headed ogre
 10704 | D:10     | Killed SkeletonJelly's ghost
 10705 | D:10     | Reached skill level 5 in Fighting
 10706 | D:10     | Reached skill level 5 in Armour
 10706 | D:10     | Killed a cyclops
 10707 | D:10     | Reached skill level 5 in Shields
 10734 | D:10     | Killed a two-headed ogre
 10734 | D:10     | Reached ** piety under Makhleb
 10833 | D:10     | Bought a scroll labelled UVEG KAOROON for 33 gold pieces
 10833 | D:10     | Bought a scroll labelled NIGOIR ETAPE for 33 gold pieces
 10833 | D:10     | Bought a potion of heal wounds for 165 gold pieces
 10833 | D:10     | Bought a wooden ring for 165 gold pieces
 11014 | D:10     | Found a portal to a secret trove of treasure.
 11197 | D:10     | Found a glowing silver altar of Zin.
 11415 | D:11     | Found a staircase to the Orcish Mines.
 11433 | D:11     | Reached skill level 10 in Spellcasting
 11539 | D:11     | Noticed a two-headed ogre
 11551 | D:11     | Killed a two-headed ogre
 11598 | D:11     | Reached skill level 1 in Maces & Flails
 11665 | D:11     | Noticed an eight-headed hydra
 11675 | D:11     | Killed an eight-headed hydra
 11676 | D:11     | Reached XP level 12. HP: 74/81 MP: 0/0
 11759 | D:11     | Reached *** piety under Makhleb
 11761 | D:11     | Found a staircase to the Lair.
 11802 | D:11     | Noticed a two-headed ogre
 11817 | D:11     | Killed a two-headed ogre
 11881 | D:11     | Noticed Snorg
 11895 | D:11     | Killed Snorg
 12242 | Lair:1   | Entered Level 1 of the Lair of Beasts
 12345 | Lair:1   | Reached skill level 11 in Spellcasting
 12426 | Lair:1   | Upgraded the game from 0.28-a0-514-g0d7ab7f379 to
                  | 0.28-a0-519-gbfeecf2fc5
 13119 | Lair:2   | Reached **** piety under Makhleb
 13120 | Lair:2   | Reached XP level 13. HP: 43/88 MP: 0/0
 13120 | Lair:2   | Learned a level 5 spell: Manifold Assault
 13296 | Lair:2   | Found a staircase to the Swamp.
 13337 | Lair:2   | Noticed Erica
 13343 | Lair:2   | Killed Erica
 13347 | Lair:2   | Reached skill level 12 in Spellcasting
 13513 | Lair:2   | Noticed Nergalle
 13520 | Lair:2   | Killed Nergalle
 14060 | Lair:3   | Reached ***** piety under Makhleb
 14434 | Lair:3   | Found a hole to the Spider Nest.
 14481 | Lair:3   | Identified the +0 plate armour of the Shining Light {-Tele
                  | rElec rF+}
 14707 | Lair:3   | Identified the +7 hunting sling of the Tent {flame, Will+}
 15366 | Lair:4   | Reached skill level 13 in Spellcasting
 15707 | Lair:5   | Reached XP level 14. HP: 82/96 MP: 0/0
 16722 | Lair:6   | Entered Level 6 of the Lair of Beasts
 16860 | Lair:6   | Found a viscous altar of Jiyva.
 16860 | Lair:6   | Found a staircase to the Slime Pits.
 17297 | Lair:6   | Found a large runed translucent door.
 17297 | Lair:6   | Found a large runed translucent door.
 17414 | Lair:6   | HP: 2/97 [molten gargoyle (3)]
 17415 | Lair:6   | Killed from afar by a molten gargoyle

Illustrated notes

Levels and vault maps discovered:
D:1:      saegor_arrival_simple_a, layout_loops_ring,
          ebering_ecumenical_altar_hall, minivault_11
D:2:      layout_loops_ring, basic_altar
D:3:      gammafunk_steamed_eel, layout_basic, mainiacjoe_overflow_catwalk,
          kennysheep_generic_room_8
D:4:      layout_cave_pods, st_stairs_3, minmay_misc_feat_diagonals
D:5:      layout_gridville, kennysheep_small_square
D:6:      layout_loops_ring, lemuel_crystal_altar, uniq_crazy_yiuf_cottage,
          uniq_blork_the_orc
D:7:      layout_loops_ring, minmay_temple_entry_gardened_gates
D:8:      layout_cave_pools, nicolae_ashenzari_skybound, serial_column_ruins,
          column_ruins_hut_pillars, column_ruins_open_tiny,
          column_ruins_open_tiny, column_ruins_columns_corner,
          column_ruins_open_medium, minmay_misc_feat_secret_circle
D:9:      layout_big_octagon, amcnicky_mini_pool_small, st_stairs_1,
          serial_park_tiny_pond, minmay_misc_feat_pillars, uniq_maurice
D:10:     layout_loops_ring, mainiacjoe_overflow_alcove_4, ebering_ghost_gozag,
          nicolae_trove_entry_crystal
D:11:     layout_loops_ring, david_lair_shrubbed, erik_orc_3, uniq_snorg
Temple:   hc_temple_tempest_star
Lair:1:   layout_regular_city, infiniplex_staircase_pool
Lair:2:   layout_gridlike, swamp_mist, uniq_erica, uniq_nergalle
Lair:3:   layout_small_grid, spider_nest_entry_web_field, beast_lair_carwin_9
Lair:4:   wad_woods_pond, layout_hall_layers
Lair:5:   layout_hall_layers, grunt_megastairs_3
Lair:6:   cheibrodos_lair_end_hotspot, layout_cave_pods, slime_altar_1,
          chequers_serial_rivers_large_b, minivault_25

Skill      XL: |  1  2  3  4  5  6  7  8  9 10 11 12 13 14 |
---------------+-------------------------------------------+-----
Spellcasting   | 3 4 5 7 9 10 11 13 | 13.9
Long Blades    | 1 |  1.5
Armour         | 1 2 3 4 5 6 7 8 |  8.0
Fighting       | 1 2 3 4 5 6 7 |  7.8
Shields        | 1 2 3 4 5 6 7 |  7.5
Dodging        | 3 4 5 6 7 8 9 |  9.1
Stealth        | 2 3 4 |  4.8
Short Blades   | 1 2 |  2.0
Maces & Flails | 1 3 |  3.9

Action                   |  1- 3 |  4- 6 |  7- 9 | 10-12 | 13-15 || total
-------------------------+-------+-------+-------+-------+-------++-------
Melee: Unarmed           |     8 |       |       |       |       ||     8
       Long sword        |    48 |    35 |       |       |       ||    83
       Dagger            |       |    16 |     8 |    25 |       ||    49
       Mace              |       |       |       |    19 |   225 ||   244
 Cast: Sandblast         |    35 |    20 |    12 |    19 |     8 ||    94
       Stone Arrow       |     1 |    16 |   103 |   297 |   281 ||   698
       Animate Skeleton  |     1 |       |       |     2 |       ||     3
       Call Imp          |       |     4 |     4 |    10 |       ||    18
       Blink             |       |       |     2 |     7 |     2 ||    11
       Summon Guardian G |       |       |     5 |     8 |       ||    13
       Petrify           |       |       |       |     7 |    11 ||    18
       Animate Armour    |       |       |       |     5 |     1 ||     6
       Manifold Assault  |       |       |       |       |    76 ||    76
Evoke: Wand              |       |       |       |     2 |     2 ||     4
  Use: Potion            |       |     3 |       |     2 |     3 ||     8
       Scroll            |       |       |       |    17 |    10 ||    27
 Stab: Sleeping          |     2 |     2 |     3 |     2 |       ||     9
       Invisible         |       |     1 |       |       |       ||     1
       Distracted        |       |     1 |       |       |       ||     1
       Petrified         |       |       |       |    11 |    13 ||    24
       Petrifying        |       |       |       |     2 |       ||     2
Armor: Robe              |    12 |     9 |     1 |       |       ||    22
       Troll leather arm |       |       |     1 |    41 |    16 ||    58
Dodge: Dodged            |    44 |    36 |    23 |   240 |   110 ||   453

Table legend: (Time is in decaauts)
 A = Elapsed time spent in this place.
 B = Non-inter-level travel time spent in this place.
 C = Inter-level travel time spent in this place.
 D = Time resting spent in this place.
 E = Time spent auto-exploring this place.
 F = Levels seen in this place.
 G = Mean time per level.
                   A        B        C        D        E       F      G
               +--------+--------+--------+--------+--------+-----+--------+
         Total |  17484 |  16984 |    500 |   1035 |  13170 |  18 |  971.3 |
       Dungeon |  12007 |  11734 |    273 |   1026 |   8925 |  11 | 1091.5 |
        Temple |    267 |    225 |     42 |      0 |    207 |   1 |  267.0 |
          Lair |   5208 |   5023 |    185 |      9 |   4038 |   6 |  868.0 |
               +--------+--------+--------+--------+--------+-----+--------+

Top non-repeatable levels by time:
     D:3: 2114 daAuts
     D:2: 1641 daAuts
     D:5: 1325 daAuts
     D:4: 1270 daAuts
  Lair:5: 1109 daAuts
     D:6: 1053 daAuts
     D:1: 906 daAuts
    D:11: 892 daAuts
  Lair:3: 890 daAuts
  Lair:1: 865 daAuts
  Lair:4: 849 daAuts
  Lair:2: 848 daAuts
    D:10: 798 daAuts
     D:7: 703 daAuts
     D:9: 693 daAuts
